[Event "42nd Olympiad Baku 2016 Open"]
[Site "Baku"]
[Date "2016.09.04"]
[Round "3.5"]
[White "Ftacnik, Lubomir"]
[Black "Jobava, Baadur"]
[Result "1/2-1/2"]
[ECO "E10"]
[WhiteElo "2548"]
[BlackElo "2665"]
[Annotator ""]
[PlyCount "42"]
[EventDate "2016.??.??"]
[EventCountry "AZE"]
[SourceTitle "playchess.com"]
[Source "ChessBase"]
[WhiteTeam "Slovakia"]
[BlackTeam "Georgia"]
[WhiteTeamCountry "SVK"]
[BlackTeamCountry "GEO"]
[TimeControl "40/5400+30:1800+30"]

1. d4 {(00:00)} e6 {(00:00)} 2. c4 {(00:00)} Nf6 {(
00:12)} 3. Nf3 {(00:00)} c5 {(00:16)} 4. Nc3 {(00:00)}
cxd4 {(02:01)} 5. Nxd4 {(00:07)} a6 {(00:38)} 6. e4 {
(00:22)} Qc7 {(00:11)} 7. a3 {(00:32)} d6 {(03:01)}
8. Be2 {(02:01)} Be7 {(00:13)} 9. Be3 {(01:07)} O-O {
(00:24)} 10. O-O {(00:46)} b6 {(01:25)} 11. Qd2 {(
01:34)} Bb7 {(00:08)} 12. f3 {(00:09)} Nbd7 {(00:06)} 13.
Rac1 {(01:25)} Rfc8 {(00:44)} 14. Rfd1 {(01:35)} Qd8 {
(00:11)} 15. b4 {(05:31)} Ne5 {(04:03)} 16. Na4 {(
06:22)} Nfd7 {(01:12)} 17. Nb3 {(08:19)} Bc6 {(02:09)} 18.
Nb2 {(01:36)} Bb7 {(00:08)} 19. Na4 {(00:23)} Bc6 {
(00:04)} 20. Nb2 {(00:06)} Bb7 {(00:03)} 21. Na4 {(
00:19)} Bc6 {(00:02)} 1/2-1/2

[Event "42nd Olympiad Baku 2016 Open"]
[Site "Baku"]
[Date "2016.09.04"]
[Round "3.3"]
[White "Gavarrete, Nahun"]
[Black "Wagener, Claude"]
[Result "1/2-1/2"]
[ECO "D01"]
[WhiteElo "2149"]
[BlackElo "2295"]
[Annotator ""]
[PlyCount "76"]
[EventDate "2016.??.??"]
[EventCountry "AZE"]
[SourceTitle "playchess.com"]
[Source "ChessBase"]
[WhiteTeam "Honduras"]
[BlackTeam "Luxembourg"]
[WhiteTeamCountry "HON"]
[BlackTeamCountry "LUX"]
[TimeControl "40/5400+30:1800+30"]

1. d4 {(00:00)} Nf6 {(00:00)} 2. Nc3 {(00:12)} d5 {
(00:01)} 3. Bg5 {(00:24)} Nbd7 {(00:21)} 4. Nf3 {(
00:34)} g6 {(01:39)} 5. h4 {(02:41)} h6 {(04:48)} 6. Bf4 {
(02:32)} c6 {(00:35)} 7. Qd3 {(01:15)} Bg7 {(04:50]
} 8. e4 {(00:24)} dxe4 {(02:29)} 9. Nxe4 {(00:23)} Nxe4 {
(02:09)} 10. Qxe4 {(00:15)} Nf6 {(00:55)} 11. Qd3 {
(00:25)} Bf5 {(21:23)} 12. Qb3 {(02:19)} Qb6 {(00:
47)} 13. Bc4 {(07:38)} Qxb3 {(00:48)} 14. Bxb3 {(00:18)}
O-O {(06:00)} 15. O-O {(00:11)} Rad8 {(14:04)} 16. c3 {
(02:17)} Be4 {(02:36)} 17. Nd2 {(03:09)} Bd5 {(01:
01)} 18. Rfe1 {(00:17)} Rfe8 {(05:17)} 19. Re2 {(03:40)}
Nd7 {(09:43)} 20. Rae1 {(02:32)} Kf8 {(02:57)} 21. Ne4 {
(18:19)} Bxe4 {(02:30)} 22. Rxe4 {(00:16)} Nf6 {(
00:18)} 23. R4e2 {(02:42)} e6 {(01:39)} 24. Be5 {(19:07)}
Nd5 {(00:52)} 25. Bxg7+ {(00:55)} Kxg7 {(00:05)} 26. g3 {
(00:11)} h5 {(00:48)} 27. Re5 {(00:51)} Nf6 {(01:
05)} 28. Kg2 {(01:17)} Rc8 {(02:59)} 29. R1e2 {(01:27)}
Red8 {(01:21)} 30. Re1 {(04:56)} Rc7 {(00:57)} 31. Bc2 {
(04:40)} Nd5 {(00:50)} 32. Bb3 {(00:25)} Nf6 {(00:
50)} 33. Bc2 {(00:12)} Nd7 {(00:08)} 34. R5e2 {(03:04)}
Nb6 {(00:49)} 35. Bb3 {(02:57)} Nd5 {(01:00)} 36. Re5 {
(01:49)} Nf6 {(00:35)} 37. Rd1 {(02:10)} Nd7 {(00:
59)} 38. Re2 {(00:33)} Nf6 {(00:37)} 1/2-1/2

[Event "42nd Olympiad Baku 2016 Open"]
[Site "Baku"]
[Date "2016.09.04"]
[Round "3.8"]
[White "Gholami, Aryan"]
[Black "Halkias, Stelios"]
[Result "0-1"]
[ECO "A33"]
[WhiteElo "2435"]
[BlackElo "2565"]
[Annotator ""]
[PlyCount "62"]
[EventDate "2016.??.??"]
[EventCountry "AZE"]
[SourceTitle "playchess.com"]
[Source "ChessBase"]
[WhiteTeam "Iran"]
[BlackTeam "Greece"]
[WhiteTeamCountry "IRI"]
[BlackTeamCountry "GRE"]
[TimeControl "40/5400+30:1800+30"]

1. d4 {(00:00)} Nf6 {(00:16)} 2. c4 {(00:10)} e6 {(
02:29)} 3. Nf3 {(00:25)} c5 {(03:12)} 4. Nc3 {(01:24)}
cxd4 {(05:28)} 5. Nxd4 {(01:24)} Nc6 {(00:34)} 6. g3 {
(03:30)} Qb6 {(05:17)} 7. Ndb5 {(06:18)} Ne5 {(00:
59)} 8. Bg2 {(01:49)} a6 {(02:09)} 9. Qa4 {(25:37)} Rb8 {
(03:08)} 10. Bf4 {(02:42)} axb5 {(17:38)} 11. Nxb5 {
(00:42)} Nfg4 {(21:31)} 12. O-O {(08:49)} Bc5 {(14:
37)} 13. e3 {(05:43)} Be7 {(03:41)} 14. Rac1 {(34:16)} O-O
{(04:16)} 15. c5 {(01:25)} Qa6 {(01:39)} 16. Qb3 {(
00:12)} g5 {(02:43)} 17. Bxe5 {(00:52)} Nxe5 {(00:05)} 18.
f4 {(00:05)} Ng6 {(01:26)} 19. f5 {(00:45)} exf5 {(
00:59)} 20. Nc7 {(01:49)} Qf6 {(01:16)} 21. Nd5 {(00:25)}
Qe5 {(02:06)} 22. Qd3 {(01:10)} d6 {(02:53)} 23. Nxe7+ {
(00:51)} Nxe7 {(01:18)} 24. cxd6 {(00:12)} Rd8 {(
00:42)} 25. Rfd1 {(00:55)} Nc6 {(00:28)} 26. Qa3 {(00:26)}
Be6 {(00:31)} 27. Rc5 {(00:38)} Rxd6 {(01:02)} 28. Rxe5 {
(00:36)} Rxd1+ {(00:11)} 29. Bf1 {(00:41)} Nxe5 {(
00:10)} 30. Qa5 {(00:25)} Ng4 {(01:04)} 31. Qb6 {(00:36)}
Bc4 {(00:48)} 0-1

[Event "42nd Olympiad Baku 2016 Open"]
[Site "Baku"]
[Date "2016.09.04"]
[Round "3.17"]
[White "Giri, Anish"]
[Black "Le, Quang Liem"]
[Result "1-0"]
[ECO "D15"]
[WhiteElo "2755"]
[BlackElo "2723"]
[Annotator ""]
[PlyCount "119"]
[EventDate "2016.??.??"]
[EventCountry "AZE"]
[SourceTitle "playchess.com"]
[Source "ChessBase"]
[WhiteTeam "Netherlands"]
[BlackTeam "Vietnam"]
[WhiteTeamCountry "NED"]
[BlackTeamCountry "VIE"]
[TimeControl "40/5400+30:1800+30"]

1. Nf3 {(00:00)} d5 {(00:00)} 2. d4 {(00:00)} Nf6 {
(00:13)} 3. c4 {(00:00)} c6 {(01:13)} 4. Nc3 {(04:
58)} a6 {(03:10)} 5. g3 {(01:20)} Bf5 {(06:03)} 6. Bg2 {
(02:16)} e6 {(00:39)} 7. O-O {(06:12)} Nbd7 {(17:
28)} 8. Nh4 {(04:38)} Bg6 {(04:35)} 9. cxd5 {(12:02)} exd5
{(01:04)} 10. Nxg6 {(08:44)} hxg6 {(00:09)} 11. e4 {
(00:19)} dxe4 {(00:34)} 12. d5 {(01:14)} cxd5 {(09:
41)} 13. Nxd5 {(00:13)} Rh5 {(15:01)} 14. Nc3 {(04:29)}
Nc5 {(07:52)} 15. b4 {(14:46)} Ne6 {(03:04)} 16. Nxe4 {
(03:12)} Be7 {(03:23)} 17. Rb1 {(04:52)} Nxe4 {(04:
02)} 18. Bxe4 {(00:12)} Qxd1 {(01:19)} 19. Rxd1 {(00:03)}
Rb5 {(03:55)} 20. a3 {(07:10)} a5 {(03:50)} 21. Rd5 {
(07:00)} Rxd5 {(00:24)} 22. Bxd5 {(00:02)} O-O-O {(
00:40)} 23. Bxe6+ {(02:08)} fxe6 {(00:02)} 24. Bf4 {(00:
29)} axb4 {(00:52)} 25. Rc1+ {(02:37)} Kd7 {(00:07)} 26.
axb4 {(00:12)} Ke8 {(05:29)} 27. b5 {(01:36)} Bd6 {
(03:45)} 28. Be3 {(02:25)} Be5 {(00:40)} 29. Rc4 {(
01:25)} Kf7 {(01:53)} 30. Kg2 {(01:31)} Rd5 {(01:14)} 31.
b6 {(00:16)} Ke7 {(01:29)} 32. h4 {(01:31)} Bd6 {(
00:59)} 33. Rg4 {(03:23)} Kf7 {(00:04)} 34. Ra4 {(00:10)}
Be5 {(00:36)} 35. Kf3 {(01:03)} Ke7 {(00:11)} 36. Ra7 {
(01:24)} Rd7 {(00:02)} 37. Ke4 {(00:10)} Kd6 {(01:
12)} 38. Ra8 {(01:39)} Bf6 {(00:50)} 39. g4 {(01:49)} Rd8
{(00:40)} 40. Ra7 {(00:00)} Kc6 {(00:00)} 41. Ra2 {
(05:32)} Rh8 {(07:35)} 42. Rc2+ {(04:47)} Kb5 {(00:
08)} 43. g5 {(00:41)} Rxh4+ {(03:42)} 44. f4 {(00:28)} Bd8
{(10:21)} 45. Rc5+ {(00:45)} Kb4 {(01:16)} 46. Re5 {
(03:33)} Kc4 {(02:51)} 47. Kf3 {(05:04)} Be7 {(06:
49)} 48. Rxe6 {(00:31)} Ba3 {(00:40)} 49. Rxg6 {(02:16)}
Kd5 {(01:33)} 50. Bf2 {(01:06)} Rh7 {(00:10)} 51. f5 {
(00:44)} Bd6 {(00:26)} 52. Kg4 {(00:54)} Be5 {(00:
24)} 53. Bg3 {(01:00)} Bd4 {(01:05)} 54. Rd6+ {(00:37)}
Ke4 {(00:11)} 55. Rd7 {(01:02)} Bxb6 {(00:52)} 56. g6 {
(01:33)} Rh1 {(00:32)} 57. Rxg7 {(00:23)} Rg1 {(00:
13)} 58. Re7+ {(00:05)} Kd3 {(00:18)} 59. Rxb7 {(00:22)}
Bf2 {(00:41)} 60. Rb3+ {(00:05)} 1-0

[Event "42nd Olympiad Baku 2016 Open"]
[Site "Baku"]
[Date "2016.09.04"]
[Round "3.16"]
[White "Gledura, Benjamin"]
[Black "Naiditsch, Arkadij"]
[Result "0-1"]
[ECO "E04"]
[WhiteElo "2585"]
[BlackElo "2696"]
[Annotator ""]
[PlyCount "148"]
[EventDate "2016.??.??"]
[EventCountry "AZE"]
[SourceTitle "playchess.com"]
[Source "ChessBase"]
[WhiteTeam "Hungary"]
[BlackTeam "Azerbaijan"]
[WhiteTeamCountry "HUN"]
[BlackTeamCountry "AZE"]
[TimeControl "40/5400+30:1800+30"]

1. Nf3 {(00:00)} d5 {(00:00)} 2. d4 {(00:10)} Nf6 {
(00:00)} 3. c4 {(00:15)} e6 {(00:54)} 4. g3 {(00:
20)} dxc4 {(00:10)} 5. Bg2 {(00:11)} a6 {(00:36)} 6. O-O {
(00:21)} Nc6 {(00:15)} 7. e3 {(00:43)} Rb8 {(00:32]
} 8. Nfd2 {(02:41)} Qd7 {(00:55)} 9. Nxc4 {(04:40)} b5 {
(00:42)} 10. Ne5 {(08:18)} Nxe5 {(00:21)} 11. dxe5 {
(00:07)} Qxd1 {(05:42)} 12. Rxd1 {(04:37)} Nd7 {(
00:23)} 13. f4 {(04:45)} Be7 {(00:08)} 14. a4 {(03:53)}
bxa4 {(08:03)} 15. Bc6 {(08:04)} f6 {(03:39)} 16. exf6 {
(17:04)} gxf6 {(04:19)} 17. Rxa4 {(02:50)} Bd6 {(
02:07)} 18. Nd2 {(04:39)} Ke7 {(02:43)} 19. Ne4 {(03:27)}
Rb6 {(12:25)} 20. Rc4 {(02:02)} Nc5 {(10:38)} 21. Nxd6 {
(00:51)} cxd6 {(00:08)} 22. Bg2 {(01:20)} Nb3 {(04:
21)} 23. Bd2 {(03:48)} Nxd2 {(05:41)} 24. Rxd2 {(00:10)}
Bd7 {(01:50)} 25. Rc7 {(04:06)} Rc8 {(00:28)} 26. Rxc8 {
(01:36)} Bxc8 {(00:49)} 27. Kf2 {(00:36)} e5 {(08:
11)} 28. Rc2 {(01:00)} Bd7 {(09:08)} 29. Bd5 {(01:03)} Rb5
{(00:30)} 30. Bc4 {(03:41)} Rb6 {(00:27)} 31. Bd5 {
(01:16)} h6 {(02:34)} 32. e4 {(03:38)} Be6 {(06:23]
} 33. fxe5 {(01:43)} dxe5 {(01:37)} 34. Bxe6 {(01:52)}
Kxe6 {(00:06)} 35. Kf3 {(02:14)} Kf7 {(03:59)} 36. Rd2 {
(05:28)} Kg6 {(00:32)} 37. Rc2 {(01:08)} Kg5 {(02:
27)} 38. h4+ {(02:25)} Kg6 {(03:08)} 39. Kg4 {(00:51)} h5+
{(00:10)} 40. Kf3 {(00:00)} Rb3+ {(00:00)} 41. Kf2 {
(04:03)} a5 {(01:08)} 42. Rd2 {(12:31)} a4 {(03:23]
} 43. Rc2 {(00:24)} Rb6 {(05:13)} 44. Kg2 {(01:25)} f5 {
(02:23)} 45. exf5+ {(00:11)} Kxf5 {(00:19)} 46. Kf3 {
(05:44)} Rb4 {(03:40)} 47. Kg2 {(02:07)} Kg4 {(02:
34)} 48. Re2 {(01:16)} e4 {(03:14)} 49. Rf2 {(01:48)} e3 {
(00:48)} 50. Re2 {(00:06)} Re4 {(05:46)} 51. Re1 {(
00:10)} Re5 {(02:31)} 52. Re2 {(00:26)} Re6 {(00:24)} 53.
Re1 {(00:19)} Re4 {(01:22)} 54. Re2 {(00:06)} Rb4 {
(01:28)} 55. Rxe3 {(04:12)} Rxb2+ {(00:05)} 56. Kf1 {
(00:55)} Ra2 {(00:02)} 57. Ke1 {(01:11)} a3 {(00:
59)} 58. Kd1 {(00:02)} Kh3 {(00:55)} 59. Kc1 {(00:31)}
Ra1+ {(00:25)} 60. Kc2 {(00:08)} a2 {(00:30)} 61. Kb2 {
(00:42)} Rg1 {(00:07)} 62. Kxa2 {(00:29)} Rxg3 {(
00:07)} 63. Re4 {(00:34)} Rg4 {(00:26)} 64. Re5 {(02:20)}
Kxh4 {(00:32)} 65. Kb2 {(00:06)} Rg5 {(03:00)} 66. Re4+ {
(00:31)} Kg3 {(00:21)} 67. Kc2 {(00:09)} h4 {(00:
38)} 68. Re3+ {(02:46)} Kg2 {(00:22)} 69. Kd2 {(00:14)} h3
{(01:14)} 70. Re2+ {(00:10)} Kg3 {(00:09)} 71. Re3+ {
(00:06)} Kh4 {(00:21)} 72. Re4+ {(00:34)} Rg4 {(00:
14)} 73. Re8 {(00:11)} h2 {(00:25)} 74. Ke2 {(00:14)} Kg3
{(00:23)} 0-1

[Event "42nd Olympiad Baku 2016 Open"]
[Site "Baku"]
[Date "2016.09.04"]
[Round "3.14"]
[White "Glud, Jakob Vang"]
[Black "Wastney, Scott"]
[Result "1/2-1/2"]
[ECO "C77"]
[WhiteElo "2526"]
[BlackElo "2312"]
[Annotator ""]
[PlyCount "101"]
[EventDate "2016.??.??"]
[EventCountry "AZE"]
[SourceTitle "playchess.com"]
[Source "ChessBase"]
[WhiteTeam "Denmark"]
[BlackTeam "New Zealand"]
[WhiteTeamCountry "DEN"]
[BlackTeamCountry "NZL"]
[TimeControl "40/5400+30:1800+30"]

1. e4 {(00:00)} e5 {(00:00)} 2. Nf3 {(00:00)} Nc6 {
(00:00)} 3. Bb5 {(00:12)} a6 {(00:15)} 4. Ba4 {(00:
22)} Nf6 {(00:30)} 5. d3 {(00:35)} Bc5 {(00:51)} 6. Bxc6 {
(04:54)} dxc6 {(00:53)} 7. Nbd2 {(00:10)} Qe7 {(06:
11)} 8. Qe2 {(00:39)} Nd7 {(03:55)} 9. Nc4 {(01:18)} f6 {
(01:17)} 10. Nh4 {(02:19)} Nf8 {(09:57)} 11. Be3 {(
02:01)} Be6 {(04:16)} 12. O-O {(00:40)} O-O-O {(02:42)}
13. Bxc5 {(00:11)} Qxc5 {(00:11)} 14. Ne3 {(00:08)} Ng6 {
(02:40)} 15. Nhf5 {(05:09)} Nf4 {(03:00)} 16. Qd1 {
(05:29)} g6 {(01:42)} 17. Nh4 {(00:31)} Rhf8 {(10:
38)} 18. Kh1 {(18:25)} f5 {(05:47)} 19. Qe1 {(12:19)} fxe4
{(05:51)} 20. dxe4 {(00:06)} Qd4 {(04:24)} 21. Nf3 {
(00:55)} Qxb2 {(11:27)} 22. Rb1 {(00:39)} Qa3 {(00:
26)} 23. Nxe5 {(00:20)} Qc5 {(03:46)} 24. Nf3 {(08:04)} g5
{(08:26)} 25. a3 {(13:12)} a5 {(03:55)} 26. Qc1 {(
04:59)} b6 {(01:30)} 27. Qb2 {(00:40)} g4 {(01:00)} 28.
Ne5 {(02:32)} h5 {(00:44)} 29. Rbd1 {(00:36)} Rxd1 {
(01:41)} 30. Rxd1 {(00:26)} Ne2 {(00:24)} 31. Nd3 {
(02:44)} Qc3 {(00:36)} 32. Rf1 {(03:43)} Qxb2 {(01:
23)} 33. Nxb2 {(00:02)} Nc3 {(01:29)} 34. e5 {(01:21)} Nd5
{(02:24)} 35. Ned1 {(05:12)} Rf4 {(00:40)} 36. f3 {
(01:22)} gxf3 {(00:23)} 37. gxf3 {(00:13)} Bh3 38. Rf2 {
(00:11)} Kd7 {(02:09)} 39. c4 {(00:14)} Ne7 {(00:
18)} 40. Nc3 {(00:00)} Ke6 {(00:00)} 41. Ne2 {(00:45)} Rf8
{(05:33)} 42. Nd3 {(02:00)} Ng6 {(08:38)} 43. Nd4+ {
(05:31)} Kd7 {(00:38)} 44. c5 {(06:52)} Nf4 {(04:
53)} 45. Nxf4 {(00:32)} Rxf4 {(00:11)} 46. Rd2 {(00:02)}
Ke8 {(05:16)} 47. Rd3 {(05:39)} Bf5 {(05:33)} 48. Nxf5 {
(08:31)} Rxf5 {(00:05)} 49. cxb6 {(02:09)} cxb6 {(
00:06)} 50. Rd6 {(00:08)} Rxf3 {(01:54)} 51. Rxc6 {(00:08]
} 1/2-1/2

[Event "42nd Olympiad Baku 2016 Open"]
[Site "Baku"]
[Date "2016.09.04"]
[Round "3.34"]
[White "Goh, Wei Ming Kevin"]
[Black "Sosa Trani, Luis"]
[Result "1-0"]
[ECO "A45"]
[WhiteElo "2444"]
[BlackElo "2051"]
[Annotator ""]
[PlyCount "48"]
[EventDate "2016.??.??"]
[EventCountry "AZE"]
[SourceTitle "playchess.com"]
[Source "ChessBase"]
[WhiteTeam "Singapore"]
[BlackTeam "Puerto Rico"]
[WhiteTeamCountry "SIN"]
[BlackTeamCountry "PUR"]
[TimeControl "40/5400+30:1800+30"]

1. d4 {(00:05)} Nf6 {(00:31)} 2. Bg5 {(00:39)} Ne4 {
(00:17)} 3. Bf4 {(00:11)} d5 {(00:38)} 4. e3 {(00:
06)} c5 {(00:42)} 5. Bd3 {(00:06)} Qb6 {(15:26)} 6. Bxe4 {
(00:44)} dxe4 {(00:02)} 7. Nc3 {(01:08)} cxd4 {(14:
11)} 8. Qxd4 {(07:40)} Qxd4 {(07:06)} 9. exd4 {(00:12)} f5
{(00:30)} 10. f3 {(00:39)} exf3 {(13:22)} 11. Nxf3 {
(00:10)} Na6 {(10:25)} 12. O-O-O {(03:11)} Bd7 {(
06:53)} 13. Rhe1 {(01:26)} h6 {(10:33)} 14. d5 {(09:22)}
O-O-O {(04:18)} 15. Nd4 {(13:19)} Nc7 {(01:43)} 16. Bxc7 {
(08:38)} Kxc7 {(00:17)} 17. Ne6+ {(00:15)} Bxe6 {(
03:30)} 18. dxe6 {(06:07)} a6 {(01:04)} 19. Nd5+ {(03:23)}
Kc6 {(00:45)} 20. Re5 {(07:56)} Rd6 {(01:17)} 21. Rxf5 {
(06:24)} Rxe6 {(05:37)} 22. Rdf1 {(01:29)} a5 {(01:
07)} 23. c4 {(00:06)} Rf6 {(00:43)} 24. Nxf6 {(00:07)}
exf6 {(00:32)} 1-0

[Event "42nd Olympiad Baku 2016 Open"]
[Site "Baku"]
[Date "2016.09.04"]
[Round "3.4"]
[White "Grischuk, Alexander"]
[Black "Hamitevici, Vladimir"]
[Result "1-0"]
[ECO "A17"]
[WhiteElo "2754"]
[BlackElo "2489"]
[Annotator ""]
[PlyCount "83"]
[EventDate "2016.??.??"]
[EventCountry "AZE"]
[SourceTitle "playchess.com"]
[Source "ChessBase"]
[WhiteTeam "Russia"]
[BlackTeam "Moldova"]
[WhiteTeamCountry "RUS"]
[BlackTeamCountry "MDA"]
[TimeControl "40/5400+30:1800+30"]

1. Nf3 {(00:00)} Nf6 {(00:00)} 2. c4 {(00:43)} e6 {
(00:45)} 3. Nc3 {(00:49)} Bb4 {(01:14)} 4. Qc2 {(
04:54)} O-O {(00:48)} 5. a3 {(00:14)} Bxc3 {(00:44)} 6.
Qxc3 {(00:05)} a5 {(00:47)} 7. d4 {(05:08)} a4 {(
02:07)} 8. Bg5 {(00:15)} d6 {(03:44)} 9. e3 {(06:39)} Nbd7
{(04:04)} 10. Bd3 {(03:12)} b6 {(02:17)} 11. Nd2 {(
11:06)} Bb7 {(04:00)} 12. f3 {(06:12)} c5 {(04:12)} 13.
O-O {(00:45)} Qc7 {(02:32)} 14. Bh4 {(20:14)} Rfe8 {
(05:34)} 15. Rac1 {(05:01)} h6 {(08:09)} 16. Rfd1 {
(03:04)} Kf8 {(10:27)} 17. Bf2 {(03:16)} Kg8 {(02:
06)} 18. e4 {(08:44)} e5 {(02:28)} 19. d5 {(06:04)} Nf8 {
(00:48)} 20. Nf1 {(03:58)} Bc8 {(06:40)} 21. Ne3 {(
00:02)} Bd7 {(14:42)} 22. Qc2 {(00:36)} Qd8 {(08:48)} 23.
Kh1 {(00:50)} Nh5 {(02:46)} 24. Be1 {(01:09)} Qf6 {
(03:25)} 25. Qf2 {(00:27)} Nf4 {(01:05)} 26. Bf1 {(
00:33)} g6 {(03:38)} 27. Bc3 {(03:17)} Qe7 {(01:15)} 28.
Rd2 {(02:08)} Nh7 {(00:25)} 29. Re1 {(00:13)} f5 {(
02:13)} 30. g3 {(02:06)} Nh5 {(00:32)} 31. exf5 {(00:06)}
gxf5 {(00:04)} 32. f4 {(00:30)} N7f6 {(00:43)} 33. fxe5 {
(03:19)} Ne4 {(01:10)} 34. Qf3 {(00:01)} Nhxg3+ {(
02:02)} 35. hxg3 {(00:03)} Nxd2 {(00:07)} 36. Bxd2 {(00:
44)} Qxe5 {(00:05)} 37. Bc3 {(00:48)} Qe4 {(00:07)} 38.
Qxe4 {(00:49)} fxe4 {(00:06)} 39. Kg2 {(00:30)} Kh7 {
(00:50)} 40. Be2 {(00:00)} Rg8 {(00:00)} 41. Rh1 {(
06:48)} Rg5 {(04:02)} 42. Rf1 {(00:48)} 1-0

[Event "42nd Olympiad Baku 2016 Open"]
[Site "Baku"]
[Date "2016.09.04"]
[Round "3.1"]
[White "Guillen Ramirez, Jose Antonio"]
[Black "Wiedenkeller, Michael"]
[Result "0-1"]
[ECO "E58"]
[WhiteElo "2269"]
[BlackElo "2458"]
[Annotator ""]
[PlyCount "66"]
[EventDate "2016.??.??"]
[EventCountry "AZE"]
[SourceTitle "playchess.com"]
[Source "ChessBase"]
[WhiteTeam "Honduras"]
[BlackTeam "Luxembourg"]
[WhiteTeamCountry "HON"]
[BlackTeamCountry "LUX"]
[TimeControl "40/5400+30:1800+30"]

1. d4 {(00:00)} Nf6 {(00:20)} 2. c4 {(00:00)} e6 {(
00:08)} 3. Nc3 {(00:00)} Bb4 {(00:12)} 4. e3 {(00:08)} O-O
{(01:49)} 5. Bd3 {(00:10)} d5 {(01:14)} 6. Nf3 {(
00:30)} c5 {(00:37)} 7. O-O {(00:12)} Nc6 {(06:26)} 8. a3
{(02:56)} Bxc3 {(00:08)} 9. bxc3 {(00:02)} Qc7 {(
00:28)} 10. cxd5 {(02:29)} exd5 {(00:14)} 11. a4 {(02:34)}
Re8 {(00:30)} 12. h3 {(05:32)} c4 {(09:58)} 13. Bc2 {
(00:25)} Ne4 {(02:08)} 14. Bxe4 {(03:02)} Rxe4 {(
07:23)} 15. Nd2 {(03:54)} Re8 {(03:25)} 16. Qf3 {(01:13)}
Be6 {(04:45)} 17. e4 {(05:44)} Qa5 {(02:43)} 18. e5 {
(06:34)} b5 {(03:18)} 19. Qg3 {(06:00)} Ne7 {(06:
31)} 20. f4 {(08:48)} Rab8 {(07:47)} 21. Ba3 {(15:39)} Nf5
{(06:09)} 22. Qf3 {(00:17)} Nxd4 {(15:16)} 23. cxd4 {
(00:11)} Qxd2 {(00:12)} 24. Bc5 {(14:55)} Bf5 {(03:
27)} 25. Qxd5 {(02:52)} Qe3+ {(01:23)} 26. Rf2 {(05:04)}
Be4 {(03:29)} 27. Qd6 {(04:52)} bxa4 {(02:53)} 28. d5 {
(01:59)} Qd3 {(01:08)} 29. Bxa7 {(02:50)} Ra8 {(02:
51)} 30. Bc5 {(03:27)} c3 {(00:53)} 31. Ba3 {(02:09)} c2 {
(00:58)} 32. Qb4 {(00:55)} Reb8 {(01:07)} 33. Qe1 {
(00:35)} Rb1 {(00:30)} 0-1

[Event "42nd Olympiad Baku 2016 Open"]
[Site "Baku"]
[Date "2016.09.04"]
[Round "3.18"]
[White "Hammer, Jon Ludvig"]
[Black "Parligras, Mircea-Emilian"]
[Result "1/2-1/2"]
[ECO "E21"]
[WhiteElo "2651"]
[BlackElo "2595"]
[Annotator ""]
[PlyCount "112"]
[EventDate "2016.??.??"]
[EventCountry "AZE"]
[SourceTitle "playchess.com"]
[Source "ChessBase"]
[WhiteTeam "Norway"]
[BlackTeam "Romania"]
[WhiteTeamCountry "NOR"]
[BlackTeamCountry "ROU"]
[TimeControl "40/5400+30:1800+30"]

1. d4 {(00:00)} Nf6 {(00:00)} 2. c4 {(00:00)} e6 {(
00:00)} 3. Nc3 {(00:00)} Bb4 {(00:01)} 4. Nf3 {(00:00)} b6
{(00:47)} 5. e3 {(00:00)} Ne4 {(11:14)} 6. Qc2 {(
00:46)} Bb7 {(00:25)} 7. Bd3 {(00:07)} f5 {(00:18)} 8. O-O
{(00:07)} Bxc3 {(00:16)} 9. bxc3 {(00:09)} O-O {(
00:07)} 10. Nd2 {(00:10)} Nxd2 {(03:21)} 11. Bxd2 {(00:02]
} Nc6 {(02:49)} 12. f3 {(04:55)} Qe7 {(07:38)} 13. Rab1 {
(04:01)} Ba6 {(06:51)} 14. c5 {(01:03)} Bxd3 {(00:
14)} 15. Qxd3 {(00:06)} bxc5 {(07:27)} 16. Rb5 {(12:04)}
cxd4 {(00:48)} 17. cxd4 {(00:06)} Rab8 {(01:44)} 18. a4 {
(03:48)} Qd6 {(07:22)} 19. Bc1 {(12:41)} Nb4 {(01:
56)} 20. Qc4 {(00:25)} c6 {(08:12)} 21. Rxb8 {(02:19)}
Rxb8 {(00:14)} 22. e4 {(01:59)} fxe4 {(16:12)} 23. fxe4 {
(01:27)} Qe7 {(00:28)} 24. Ba3 {(09:36)} a5 {(00:
30)} 25. Qe2 {(08:41)} c5 {(01:57)} 26. Qh5 {(07:06)} cxd4
{(03:17)} 27. Qe5 {(00:23)} Rf8 {(13:12)} 28. Rxf8+ {
(04:07)} Qxf8 {(00:05)} 29. Qxa5 {(00:35)} Nc6 {(
00:10)} 30. Bxf8 {(00:06)} Nxa5 {(00:04)} 31. Bb4 {(10:10]
} Nc6 {(01:29)} 32. Bd6 {(00:05)} Kf7 {(00:32)} 33. Bc7 {
(01:50)} Kf6 {(02:34)} 34. a5 {(03:48)} Nxa5 {(01:
00)} 35. Bxa5 {(00:02)} Ke5 {(00:04)} 36. Kf2 {(00:33)}
Kxe4 {(00:03)} 37. Ke2 {(00:21)} g5 {(03:05)} 38. Bd8 {
(05:24)} g4 {(00:11)} 39. Bf6 {(00:22)} e5 {(01:01]
} 40. h3 {(00:00)} gxh3 {(00:00)} 41. gxh3 {(09:16)} Kd5 {
(01:52)} 42. h4 {(00:31)} e4 {(03:36)} 43. h5 {(01:
29)} Kc4 {(00:22)} 44. Kd2 {(00:11)} d5 {(01:42)} 45. h6 {
(00:05)} d3 {(00:29)} 46. Ke3 {(05:36)} d4+ {(02:
41)} 47. Bxd4 {(00:10)} d2 {(00:03)} 48. Kxd2 {(00:06)}
Kxd4 {(00:03)} 49. Ke2 {(00:05)} Ke5 {(00:17)} 50. Ke3 {
(00:05)} Kf5 {(00:04)} 51. Ke2 {(00:03)} Kf4 {(00:
49)} 52. Kf2 {(00:05)} e3+ {(01:59)} 53. Ke2 {(00:09)} Ke4
{(00:02)} 54. Ke1 {(00:06)} Kf3 {(00:03)} 55. Kf1 {
(00:04)} e2+ {(00:03)} 56. Ke1 {(00:03)} Ke3 1/2-1/2